 Dungeon Crawl Stone Soup version 0.23.2 (console) character file.

Game seed: 17086040902685357974

44 jt the Chopper (level 3, -1/33 HPs)
             Began as a Hill Orc Abyssal Knight on Apr 5, 2019.
             Was a Believer of Lugonu.
             Slain by a gnoll
             ... wielding a +0 mace
              (3 damage)
             ... on level 2 of the Dungeon.
             The game lasted 00:02:08 (1117 turns).

jt the Chopper (Hill Orc Abyssal Knight)            Turns: 1117, Time: 00:02:09

Health: -1/33      AC:  3    Str: 15    XL:     3   Next: 62%
Magic:  5/5        EV: 11    Int: 12    God:    Lugonu [**....]
Gold:   133        SH:  0    Dex: 10    Spells: 2/2 levels left

rFire    . . .     SeeInvis .   a - +1 hand axe
rCold    . . .     Gourm    .   (no shield)
rNeg     . . .     Faith    .   b - +0 leather armour
rPois    .         Spirit   .   (no helmet)
rElec    .         Reflect  .   (no cloak)
rCorr    .         Harm     .   (no gloves)
MR       .....                  (no boots)
Stlth    +.........             (no amulet)
HPRegen  0.11/turn              (no ring)
MPRegen  0.09/turn              (no ring)

@: no status effects
A: no striking features
a: Depart the Abyss, Bend Space, Renounce Religion


You were on level 2 of the Dungeon.
You worshipped Lugonu.
Lugonu was pleased with you.
You were not hungry.

You visited 1 branch of the dungeon, and saw 2 of its levels.
You visited the Abyss 1 time.

You collected 133 gold pieces.

Inventory:

Hand Weapons
 a - a +1 hand axe (weapon)
 m - a +4 dagger
Missiles
 e - 38 arrows
 h - 21 stones (quivered)
 j - 14 sling bullets
 n - 23 poisoned needles
Armour
 b - a +0 leather armour (worn)
Scrolls
 d - a scroll of enchant weapon {unknown}
 i - a scroll of magic mapping {unknown}
 k - 2 scrolls of identify {unknown}
 l - a scroll of fear {unknown}
 o - 3 scrolls of fog {unknown}
Potions
 f - 2 potions of curing
 g - a potion of agility {unknown}
Comestibles
 c - 3 rations


   Skills:
 - Level 4.0 Fighting
 + Level 4.4 Axes
 - Level 2.4 Armour
 - Level 0.7 Dodging
 - Level 2.7 Invocations


You had 2 spell levels left.
You didn't know any spells.
Your spell library was empty.

Dungeon Overview and Level Annotations

Branches:
Dungeon (2/15)

Altars:


Message History

You become entangled in the net!
You struggle against the net.
The adder bites you but does no damage. The adder bites you.
You struggle against the net.
The adder bites you.
The gnoll hits you from afar with a +0 halberd!
You tear a large gash into the net.
The adder bites you.
You are poisoned.
The adder poisons you!
The gnoll hits you from afar with a +0 halberd!
* * * LOW HITPOINT WARNING * * *
You rip the net and break free!
* * * LOW HITPOINT WARNING * * *
You feel sick. The adder completely misses you. The gnoll closely misses you.
The adder bites you but does no damage.
It was a potion of curing.
You feel better.
The gnoll hits you from afar with a +0 halberd!
* * * LOW HITPOINT WARNING * * *
The adder barely misses you. The gnoll hits you with a +0 mace.
You die...

#..................#
####..................#
...#..................#
.....................#
..#..................#
. #...................
#..................#
###.#############.##
#@.# #.# ##g#
#########.##
.....g$g...............
......g#.#........##.##
....... .. .......#....
....... .%........#....
...)... ..........#....
....... ...####.###....
....... .... #. #....


You could see 2 gnolls.

Vanquished Creatures
  An adder (D:2)
  An ooze (D:2)
  2 giant cockroaches (D:1)
  2 goblins (D:1)
  4 hobgoblins
  4 jackals (D:1)
  5 bats
  A frilled lizard (D:1)
  3 kobolds (D:1)
  8 rats (D:1)
31 creatures vanquished.

Notes
Turn   | Place    | Note
-------+----------+-------------------------------------------
     0 | Abyss:1  | jt the Hill Orc Abyssal Knight began the quest for the Orb.
     0 | Abyss:1  | Reached XP level 1. HP: 19/19 MP: 2/2
    17 | D:1      | Escaped the Abyss
    26 | D:1      | Reached XP level 2. HP: 26/27 MP: 3/3
   260 | D:1      | Reached ** piety under Lugonu
   428 | D:1      | Reached XP level 3. HP: 28/33 MP: 5/5
  1115 | D:2      | HP: 1/33 [poisoned by an adder]
  1117 | D:2      | Slain by a gnoll

Skill      XL: |  1  2  3 |
---------------+----------+-----
Fighting       | 4 |  4.0
Axes           | 3 4 |  4.4
Armour         | |  2.4
Dodging        | |  0.7
Invocations    | |  2.7

Action                   || total
-------------------------++-------
Melee: Hand axe          ||    87
  Use: Potion            ||     1
  Eat: Chunk             ||     1
Armor: Leather armour    ||    30
Dodge: Dodged            ||    81
